 Dungeon Crawl Stone Soup version 0.28-a0-1182-g381e24db82 (webtiles) character file.

Game seed: 226389041618013969

32814 jtrev the Blocker (level 13, 0/80 HPs)
             Began as a Gargoyle Berserker on Dec 17, 2021.
             Was an Elder of Trog.
             Slain by a torpor snail (1 damage)
             ... on level 5 of the Lair of Beasts.
             The game lasted 00:46:24 (22377 turns).

jtrev the Blocker (Gargoyle Berserker)             Turns: 22377, Time: 00:46:24

Health: 0/80       AC: 26    Str: 25    XL:     13   Next: 67%
Magic:  13/13      EV: 10    Int:  9    God:    Trog [****..]
Gold:   840        SH: 12    Dex:  9    Spells: 12/12 levels left

rFire   . . .      SeeInvis .   q - +2 mace (protect)
rCold   . . .      Faith    .   A - +0 kite shield
rNeg    + . .      Spirit   .   a - +0 chain mail
rPois   ∞          Reflect  .   b - +0 helmet
rElec   +          Harm     .   L - +0 cloak
rCorr   .          Rampage  .   r - +0 pair of gloves
Will    .....                   h - +0 pair of boots
Stlth   ..........              g - amulet of the acrobat
HPRegen 0.23/turn               (no ring)
MPRegen 0.13/turn               (no ring)

@: marked, on berserk cooldown, slowed, very slow
A: sickness immunity, AC +9, negative energy resistance 1, electricity
resistance, torment resistance 1, petrification resistance
a: Renounce Religion, Berserk, Trog's Hand, Brothers in Arms


You were on level 5 of the Lair of Beasts.
You worshipped Trog.
Trog was greatly pleased with you.
You visited 4 branches of the dungeon, and saw 18 of its levels.

You collected 840 gold pieces.

Inventory:

Hand Weapons
 q - a +2 mace of protection (weapon)
   (You took it off Terence on level 2 of the Dungeon)
 K - the +1 rapier of Valuable Assets {elec, *Corrode rPois rF+++ Int-4}
   (You found it on level 11 of the Dungeon)

   It occasionally discharges a powerful burst of electricity upon striking a
   foe.
   Int:       It affects your intelligence (-4).
   rF:        It renders you almost immune to fire.
   rPois:     It protects you from poison.
   *Corrode:  It may corrode you when you take damage.
Missiles
 u - 2 throwing nets (quivered) {!f}
Armour
 a - a +0 chain mail (worn)
   (You took it off Terence on level 2 of the Dungeon)
 b - a +0 helmet (worn)
   (You found it on level 2 of the Lair of Beasts)
 h - a +0 pair of boots (worn)
   (You found it on level 2 of the Dungeon)
 r - a +0 pair of gloves (worn)
   (You found it on level 5 of the Dungeon)
 A - a +0 kite shield (worn)
   (You found it on level 7 of the Dungeon)
 D - a +0 plate armour
   (You took it off an orc warrior on level 8 of the Dungeon)
 L - a +0 cloak (worn)
   (You found it on level 1 of the Lair of Beasts)
Jewellery
 g - an amulet of the acrobat (around neck)
   (You found it on level 2 of the Lair of Beasts)
 o - a ring of protection from cold
   (You found it on level 2 of the Lair of Beasts)
Wands
 t - a wand of flame (12)
   (You found it on level 4 of the Lair of Beasts)
 y - a wand of polymorph (3)
   (You found it on level 5 of the Dungeon)
 z - a wand of charming (8)
   (You found it on level 7 of the Dungeon)
Scrolls
 d - a scroll of enchant weapon {unknown}
 e - a scroll of summoning {unknown}
 i - 3 scrolls of magic mapping {unknown}
 j - a scroll of brand weapon {unknown}
 k - 12 scrolls of teleportation {@r4}
 p - 3 scrolls of fear {unknown}
 x - 2 scrolls of blinking {unknown}
 F - 3 scrolls of acquirement {unknown}
 G - 7 scrolls of amnesia {unknown}
 H - 5 scrolls of enchant armour {unknown}
 I - a scroll of immolation {unknown}
 J - a scroll of vulnerability {unknown}
Potions
 c - 2 potions of might
 f - 5 potions of cancellation
 l - 2 potions of magic
 m - 2 potions of berserk rage
 n - 3 potions of heal wounds {@q2}
 s - 4 potions of flight
 v - 3 potions of curing {@q1}
 w - 3 potions of mutation {!q}
 B - 2 potions of lignification {!q}
 C - a potion of attraction {!q}
 E - 3 potions of haste {@q3}
 M - 2 potions of resistance
 O - 9 potions of ambrosia


   Skills:
 + Level 9.1 Fighting
 - Level 14.1 Maces & Flails
 + Level 8.7 Armour
 - Level 6.1 Dodging
 + Level 14.5 Shields


You had 12 spell levels left.
You didn't know any spells.
Your spell library was empty.

Dungeon Overview and Level Annotations

Branches:
Dungeon (11/15)            Temple (1/1) D:4            Lair (5/6) D:9
  Swamp (0/4) Lair:4        Snake (1/4) Lair:3          Orc (0/2) D:11
  Slime: Lair:5-6

Altars:
Ashenzari
Cheibriados
Dithmenos
Elyvilon
Fedhas
Gozag
Hepliaklqana
Kikubaaqudgha
Makhleb
Nemelex Xobeh
Okawaru
Qazlal
Ru
Sif Muna
Trog
Uskayaw
Vehumet
Wu Jian
Xom
Yredelemnul
Zin
The Shining One

Annotations:
D:4 exclusion: statue
D:5 1 runed translucent door, math4jedi's ghost, amateur MiFi
Lair:3 exclusion: oklob plant


Innate Abilities, Weirdness & Mutations

You are immune to sickness and miasma.
Your stone body is resilient. (AC +9)
You are immune to poison.
You resist negative energy. (rN+)
You are resistant to electric shocks. (rElec)
You are resistant to unholy torment.
You are immune to petrification.


Message History

You block the four-headed hydra's attack.
The four-headed hydra barely misses you.
The four-headed hydra bites you.
The four-headed hydra bites you but does no damage.
You block the slime creature's attack.
You sock the four-headed hydra!
A torpor snail comes into view.
Being near the torpor snail leaves you feeling lethargic.
You hit the four-headed hydra. You block the slime creature's attack.
The yak gores you!
You bludgeon the four-headed hydra!!
A yak comes into view.
The four-headed hydra bites you but does no damage. x2
The four-headed hydra bites you!
* * * LOW HITPOINT WARNING * * *
The four-headed hydra bites you but does no damage.
The slime creature completely misses you.
A yak comes into view.
The yak gores you but does no damage. The four-headed hydra misses you.
The four-headed hydra bites you.
* * * LOW HITPOINT WARNING * * *
The four-headed hydra completely misses you.
The four-headed hydra bites you.
* * * LOW HITPOINT WARNING * * *
The yak gores you but does no damage.
The yak moves out of view.
You feel a strong urge to attack something.
Unknown command.
You feel your anger nearly subside. The jelly closely misses you.
A cane toad comes into view.
You are no longer berserk.
You are exhausted.
You feel as though you will be slow longer.
Okay, then.
You fail to use your ability.
The torpor snail bites you.
* * * LOW HITPOINT WARNING * * *
You fail to use your ability.
The torpor snail bites you.
* * * LOW HITPOINT WARNING * * *
You fail to use your ability.
The seven-headed hydra bites you!
* * * LOW HITPOINT WARNING * * *
You block the seven-headed hydra's attack.
The seven-headed hydra closely misses you.
The seven-headed hydra bites you but does no damage.
The seven-headed hydra barely misses you.
The seven-headed hydra bites you!
* * * LOW HITPOINT WARNING * * *
The seven-headed hydra bites you!
* * * LOW HITPOINT WARNING * * *
The torpor snail bites you.
You die...

....#...##.#.##....#..+..P....
...#......##.#.....##..#.....
..##................##....#.
.##....#.#..#....######.###
##.... #####.............
#.... .#. #.#...#....... #..
....##............. ...
..............#..#.. ....
.........D@......... )...
........Yw###.#.#.#. [...
....(....DYDJ....... ....
.........J.Y........ ....
...........Y........ ....
.............##....# ....
$.#.###.....# F..# .... ##
#.....Y# ... .... ##......


You could see a seven-headed hydra, a four-headed hydra, a slime creature, a
torpor snail and a yak.

Vanquished Creatures
  Gastronok (Lair:3)
  The ghost of Adrian566 the Carver, a journeyman DsFi of Trog (D:10)
  6 hydras
  2 two-headed ogres
  A death yak (Lair:2)
  6 centaur zombies (D:11)
  2 elephants
  4 black mambas
  5 cane toads
  A torpor snail (Lair:3)
  A gargoyle (D:11)
  3 rime drakes
  6 komodo dragons
  Psyche (D:9)
  A troll (D:10)
  A queen bee (Lair:3)
  2 slime creatures (Lair:5)
  4 blink frogs
  5 wyverns
  A vampire (D:10)
  A wraith (D:10)
  2 basilisks (Lair:2)
  41 yaks
  9 water moccasins
  6 nagas (Lair:3)
  3 orc warriors
  2 ice beasts (D:7)
  4 black bears
  2 sky beasts
  5 wolves (Lair:2)
  4 necrophages (D:7)
  5 ogres
  6 centaurs
  A kobold brigand (D:6)
  2 phantoms
  9 bullfrogs
  A gnoll sergeant (D:8)
  4 scorpions
  A water moccasin zombie (D:6)
  2 water moccasin skeletons
  14 killer bees (Lair:3)
  A wight (D:7)
  2 electric eels (D:10)
  6 jellies
  6 hounds
  A centaur skeleton (D:6)
  A gnoll shaman (D:7)
  3 orc priests (D:5)
  4 iguanas
  Jessica (D:3)
  Natasha (thrice) (D:2)
  A bullfrog skeleton (D:6)
  5 orc wizards
  8 hell rats
  Terence (D:2)
  A killer bee zombie (D:6)
  2 hound zombies (D:5)
  14 gnolls
  7 adders
  2 adder skeletons (D:4)
  2 worms
  6 dart slugs
  8 orcs
  5 bats
  6 endoplasms
  5 giant cockroaches
  7 goblins
  10 hobgoblins
  4 jackals
  2 quokkas
  6 ball pythons
  3 frilled lizards
  7 kobolds
  5 rats (D:3)
323 creatures vanquished.

Vanquished Creatures (collateral kills)
  3 elephants (Lair:3)
3 creatures vanquished.

Vanquished Creatures (others)
  24 fungi
  42 plants
  A withered plant (D:7)
67 creatures vanquished.

Grand Total: 393 creatures vanquished

Notes
Turn   | Place    | Note
-------+----------+-------------------------------------------
     0 | D:1      | jtrev the Gargoyle Berserker began the quest for the Orb.
     0 | D:1      | Reached XP level 1. HP: 14/14 MP: 1/1
   290 | D:1      | Reached XP level 2. HP: 19/19 MP: 2/2
   590 | D:1      | Reached XP level 3. HP: 14/23 MP: 3/3
  1231 | D:2      | Noticed an ogre
  1241 | D:2      | Killed an ogre
  1242 | D:2      | Reached skill level 5 in Maces & Flails
  1242 | D:2      | Reached XP level 4. HP: 5/28 MP: 4/4
  1242 | D:2      | Reached XP level 5. HP: 6/32 MP: 5/5
  1538 | D:2      | Noticed Terence
  1552 | D:2      | Killed Terence
  1951 | D:2      | Noticed Natasha
  1963 | D:2      | Killed Natasha
  2043 | D:2      | Noticed Natasha
  2063 | D:2      | Killed Natasha
  2064 | D:2      | Reached skill level 1 in Shields
  2354 | D:2      | Reached ** piety under Trog
  2389 | D:2      | Reached XP level 6. HP: 37/37 MP: 6/6
  2608 | D:2      | Noticed Natasha
  2616 | D:2      | Killed Natasha
  2892 | D:3      | Noticed Jessica
  2898 | D:3      | Killed Jessica
  3305 | D:3      | Found a faded altar of an unknown god.
  4192 | D:4      | Reached XP level 7. HP: 10/41 MP: 7/7
  4610 | D:4      | Found a staircase to the Ecumenical Temple.
  4640 | Temple   | Entered the Ecumenical Temple
  5335 | D:4      | Found a radiant altar of Vehumet.
  5891 | D:5      | Entered Level 5 of the Dungeon
  5945 | D:5      | Reached *** piety under Trog
  5946 | D:5      | Reached XP level 8. HP: 42/46 MP: 8/8
  6247 | D:5      | Found a runed translucent door.
  6254 | D:5      | Noticed math4jedi's ghost (amateur MiFi)
  7185 | D:6      | Reached skill level 10 in Maces & Flails
  7497 | D:6      | Reached XP level 9. HP: 45/51 MP: 9/9
  9851 | D:8      | Noticed a two-headed ogre
  9925 | D:8      | Reached **** piety under Trog
 10144 | D:8      | Reached XP level 10. HP: 58/58 MP: 10/10
 10391 | D:8      | Killed a two-headed ogre
 10392 | D:8      | Reached skill level 5 in Fighting
 11160 | D:9      | Found a staircase to the Lair.
 11173 | D:9      | Reached skill level 5 in Armour
 11541 | D:9      | Noticed Psyche
 11549 | D:9      | Killed Psyche
 12052 | D:10     | Entered Level 10 of the Dungeon
 12052 | D:10     | Noticed Adrian566's ghost (journeyman DsFi)
 12052 | D:10     | Found a runed translucent door.
 12083 | D:10     | Noticed a two-headed ogre
 12091 | D:10     | Killed a two-headed ogre
 12435 | D:10     | Found a basalt altar of Yredelemnul.
 12889 | D:10     | Killed Adrian566's ghost
 12890 | D:10     | Reached XP level 11. HP: 66/66 MP: 11/11
 12933 | D:11     | Found a staircase to the Orcish Mines.
 13208 | D:11     | Reached skill level 5 in Dodging
 13682 | D:11     | Identified the +1 rapier of Valuable Assets {elec, *Corrode
                  | rPois rF+++ Int-4}
 13788 | Lair:1   | Entered Level 1 of the Lair of Beasts
 15449 | Lair:2   | Reached XP level 12. HP: 59/75 MP: 12/12
 15463 | Lair:2   | Reached skill level 5 in Shields
 15939 | Lair:2   | Noticed a death yak
 15953 | Lair:2   | Killed a death yak
 16010 | Lair:2   | Noticed a four-headed hydra
 16024 | Lair:2   | Killed a four-headed hydra
 16731 | Lair:2   | Noticed a six-headed hydra
 16747 | Lair:2   | Killed a six-headed hydra
 17095 | Lair:2   | Reached skill level 10 in Shields
 17493 | Lair:3   | Noticed Gastronok
 17651 | Lair:3   | Noticed a six-headed hydra
 17672 | Lair:3   | Killed a six-headed hydra
 17713 | Lair:3   | HP: 3/75 [elephant (10)]
 18067 | Lair:3   | Found a broken altar of Ashenzari.
 18435 | Lair:3   | Found a staircase to the Snake Pit.
 18470 | Lair:3   | Reached XP level 13. HP: 62/79 MP: 13/13
 19228 | Lair:3   | Killed Gastronok
 19997 | Snake:1  | Entered Level 1 of the Snake Pit
 19997 | Snake:1  | Found a hide-covered altar of Uskayaw.
 20902 | Lair:4   | Found a staircase to the Swamp.
 22377 | Lair:5   | HP: 1/80 [seven-headed hydra (11)]
 22377 | Lair:5   | Slain by a torpor snail

Illustrated notes

Levels and vault maps discovered:
D:1:      psy_arrival_statuary, layout_basic, minmay_misc_feat_doors,
          st_stairs_8
D:2:      layout_basic, uniq_natasha, uniq_terence
D:3:      layout_rooms, basic_ecumenical_altar, corexii_leaking_fountain,
          amcnicky_mini_corridor_feature, serial_bayou_lagoon_a, uniq_jessica
D:4:      layout_basic, vehumet_statue, minmay_temple_entry_ruins
D:5:      layout_loops_cross, ebering_ghost_sewer_d
D:6:      kb_forest_paths, layout_cave_pools
D:7:      layout_basic, serial_undead, serial_undead_d, serial_undead_c,
          serial_undead_f, serial_undead_e, chequers_arboretum,
          grunt_decor_arrowhead
D:8:      layout_gridville, nicolae_two_hexagons
D:9:      layout_irregular_city, grunt_lair_entry_orc_guard_hut, uniq_psyche
D:10:     layout_rooms, lemuel_round_altar, hellmonk_ghost_happy_afterlife,
          minivault_14, nicolae_lava_and_water
D:11:     layout_rooms, orc_0_dummy, uniq_grum
Temple:   mainiacjoe_temple_big_plus
Lair:1:   layout_cave_shapes, grunt_megastairs_5, lemuel_fruit_fields
Lair:2:   layout_cave_pods, minmay_shattered_shrine
Lair:3:   layout_roguey, minmay_snake_entry_guardpost_medium, special_room
          [special_room_bee], basic_altar, grunt_megastairs_4, uniq_gastronok
Lair:4:   layout_regular_city, swamp_mist
Lair:5:   layout_regular_city, minmay_slime_entry_pillars, columned_hall_lemuel,
          infiniplex_staircase_pool, grunt_megastairs_3
Snake:1:  layout_onion, basic_altar, serial_bayou_shore_a

Skill      XL: |  1  2  3  4  5  6  7  8  9 10 11 12 13 |
---------------+----------------------------------------+-----
Maces & Flails | 4 5 6 8 10 12 13 14 | 14.1
Shields        | 1 3 4 12 14 | 14.5
Dodging        | 2 4 6 |  6.1
Armour         | 3 6 8 |  8.7
Fighting       | 4 6 8 9 |  9.1

Action                   |  1- 3 |  4- 6 |  7- 9 | 10-12 | 13-15 || total
-------------------------+-------+-------+-------+-------+-------++-------
Melee: Mace              |    70 |   237 |   476 |   910 |   481 ||  2174
       Unarmed           |       |       |       |     1 |       ||     1
Invok: Berserk           |     1 |     6 |     4 |    12 |     5 ||    28
       Brothers in Arms  |       |       |       |     2 |       ||     2
       Trog's Hand       |       |       |       |     1 |       ||     1
  Use: Scroll            |       |       |       |    12 |     3 ||    15
Armor: Animal skin       |    12 |       |       |       |       ||    12
       Ring mail         |    10 |   100 |    42 |       |       ||   152
       Chain mail        |       |       |   207 |   597 |   273 ||  1077
Dodge: Dodged            |    52 |   117 |   186 |   399 |   190 ||   944
Block: Buckler           |       |    14 |    74 |   187 |    59 ||   334
       Kite shield       |       |       |       |       |   177 ||   177

Table legend: (Time is in decaauts)
 A = Elapsed time spent in this place.
 B = Non-inter-level travel time spent in this place.
 C = Inter-level travel time spent in this place.
 D = Time resting spent in this place.
 E = Time spent auto-exploring this place.
 F = Levels seen in this place.
 G = Mean time per level.
                   A        B        C        D        E       F      G
               +--------+--------+--------+--------+--------+-----+--------+
         Total |  22267 |  20862 |   1405 |   5149 |  11848 |  18 | 1237.1 |
       Dungeon |  13492 |  12550 |    942 |   3080 |   7220 |  11 | 1226.5 |
        Temple |    433 |    408 |     25 |      0 |    403 |   1 |  433.0 |
          Lair |   8338 |   7900 |    438 |   2069 |   4225 |   5 | 1667.6 |
     Snake Pit |      1 |      1 |      0 |      0 |      0 |   1 |    1.0 |
               +--------+--------+--------+--------+--------+-----+--------+

Top non-repeatable levels by time:
  Lair:3: 2619 daAuts
  Lair:2: 2269 daAuts
     D:2: 1937 daAuts
     D:7: 1552 daAuts
     D:4: 1528 daAuts
  Lair:4: 1453 daAuts
  Lair:1: 1379 daAuts
     D:5: 1283 daAuts
     D:9: 1249 daAuts
     D:3: 1109 daAuts
    D:10: 1095 daAuts
     D:6: 1078 daAuts
     D:1: 1077 daAuts
     D:8: 1017 daAuts
  Lair:5: 617 daAuts
